 Dungeon Crawl Stone Soup version 0.26-a0-774-g1415c89e12 (webtiles) character file.

Game seed: 7936442064919097980

493056 Gargoyl the Schismatic (level 24, -2/193 HPs)
             Began as a Gnoll Abyssal Knight on Nov 9, 2020.
             Was an Elder of Lugonu.
             Killed by divine providence
             ... invoked by a smoke demon
              (11 damage)
             ... on level 1 of the Abyss.
             The game lasted 01:50:29 (66995 turns).

Gargoyl the Schismatic (Gnoll Abyssal Knight)      Turns: 66995, Time: 01:50:31

Health: -2/193     AC: 56    Str: 30    XL:     24   Next: 76%
Magic:  0/42       EV: 19    Int: 23    God:    Lugonu [****..]
Gold:   6552       SH: 20    Dex: 28    Spells: 54/54 levels left

rFire    + . .     SeeInvis .   n - +9 broad axe (drain)
rCold    + . .     Faith    .   s - +3 kite shield {reflect}
rNeg     . . .     Spirit   +   O - +21 crystal plate armour of Weseiro {rC+}
rPois    +         Reflect  +   Q - +2 hat
rElec    .         Harm     .   p - +2 cloak {rPois}
rCorr    .         Rampage  .   q - +0 pair of fencer's gloves {Riposte Dex+3}
MR       +....     Rnd*Rage +   k - +2 pair of boots
Stlth    ..........             x - amulet of guardian spirit
HPRegen  0.42/turn              H - ring "Zootil" {rPois Int+5 Dex+4 Slay+4}
MPRegen  0.28/turn              t - ring "Obytedd" {rF+ Str+4 Int+3 Dex+6}

@: lethally poisoned (-2 -> -2), studying Shields, drained
A: distributed training, fangs 1, hooves 2, berserk 2, shaggy fur 1, strong nose
}: 3/15 runes: decaying, silver, gossamer
a: Depart the Abyss, Bend Space, Banish, Corrupt, Renounce Religion


You were on level 1 of the Abyss.
You worshipped Lugonu.
Lugonu was greatly pleased with you.
You visited 8 branches of the dungeon, and saw 40 of its levels.
You visited the Abyss 7 times.
You also visited: Ossuary and Wizlab.

You collected 7253 gold pieces.
You spent 701 gold pieces at shops.

Inventory:

Hand Weapons
 a - a +9 vorpal hand axe
 n - a +9 broad axe of draining (weapon)
 z - a +4 broad axe of electrocution
 T - the +4 war axe of Dismay {antimagic, +Rage rPois rN+}
   (You found it on level 6 of the Lair of Beasts)

   It reduces the magical energy of the wielder, and disrupts the spells and
   magical abilities of those hit.
   Natural abilities and divine invocations are not affected.
   It protects you from poison.
   It protects you from negative energy.
   It lets you go berserk.
 V - a +8 scimitar of flaming
 Y - the +6 spear of Ancient Evil {vorpal, *Rage +Blink Int+3}
   (You took it off a spriggan on level 14 of the Dungeon)

   It inflicts extra damage upon your enemies.
   It affects your intelligence (+3).
   It lets you blink.
   It may make you go berserk in combat.
Missiles
 b - 80 poisoned darts (quivered)
Armour
 k - a +2 pair of boots (worn)
 p - a +2 cloak of poison resistance (worn)
 q - the +0 pair of fencer's gloves (worn) {Riposte Dex+3}
   (You acquired it on level 2 of the Elven Halls)

   It affects your dexterity (+3).
 s - a +3 kite shield of reflection (worn)
 y - the +2 plate armour "Utua" {rC++}
   (You took it off an orc warrior on level 8 of the Dungeon)

   It greatly protects you from cold.
 O - the +21 crystal plate armour of Weseiro (worn) {rC+}
   (You found it on level 5 of the Lair of Beasts)

   It protects you from cold.
 Q - a +2 hat (worn)
 R - a +2 plate armour of fire resistance
Jewellery
 j - an uncursed ring of flight
 t - the ring "Obytedd" (right hand) {rF+ Str+4 Int+3 Dex+6}
   (You acquired it on level 1 of the Vaults)

   [ring of dexterity]

   It affects your strength (+4).
   It affects your intelligence (+3).
   It affects your dexterity (+6).
   It protects you from fire.
 x - an amulet of guardian spirit (around neck)
 A - an uncursed ring of resist corrosion
 B - the ring "Boidiguk" {rF+ rC+ Str+3}
   (You took it off a deep elf death mage on level 5 of the Vaults)

   [ring of protection from fire]

   It affects your strength (+3).
   It protects you from fire.
   It protects you from cold.
 H - the ring "Zootil" (left hand) {rPois Int+5 Dex+4 Slay+4}
   (You found it on level 5 of the Vaults)

   [ring of slaying]

   It affects your intelligence (+5).
   It affects your dexterity (+4).
   It affects your accuracy and damage with ranged weapons and melee attacks
   (+4).
   It protects you from poison.
 I - an uncursed ring of positive energy
 J - an uncursed ring of poison resistance
 M - an uncursed ring of protection from magic
 Z - an uncursed ring of positive energy
Wands
 u - a wand of digging (17)
Scrolls
 d - 10 scrolls of teleportation
 f - 36 scrolls of remove curse
 E - 7 scrolls of identify
 F - 5 scrolls of magic mapping
 L - 6 scrolls of fog
 N - 2 scrolls of blinking
 U - 6 scrolls of fear
 W - a scroll of silence
Potions
 e - 8 potions of berserk rage
 g - 6 potions of brilliance
 h - 19 potions of curing
 i - 9 potions of might
 l - 6 potions of haste
 m - 2 potions of heal wounds
 o - 3 potions of resistance
 r - 2 potions of mutation
 G - a potion of magic
 K - 15 potions of ambrosia
 P - 7 potions of flight
Books
 D - a manual of Shields


   Skills:
 + Level 16.6(15.8) Fighting
 + Level 15.7(14.8) Short Blades
 + Level 15.7(14.8) Long Blades
 + Level 16.2(15.3) Axes
 + Level 15.7(14.8) Maces & Flails
 + Level 15.7(14.8) Polearms
 + Level 15.7(14.8) Staves
 + Level 15.7(14.8) Slings
 + Level 15.7(14.8) Bows
 + Level 15.7(14.8) Crossbows
 + Level 15.7(14.8) Throwing
 + Level 16.2(15.3) Armour
 + Level 15.8(15.0) Dodging
 + Level 15.7(14.8) Stealth
 + Level 17.3(16.5) Shields
 + Level 15.7(14.8) Unarmed Combat
 + Level 15.7(14.8) Spellcasting
 + Level 13.5(12.7) Conjurations
 + Level 13.5(12.7) Hexes
 + Level 13.5(12.7) Summonings
 + Level 13.5(12.7) Necromancy
 + Level 13.5(12.7) Translocations
 + Level 13.5(12.7) Transmutations
 + Level 13.5(12.7) Fire Magic
 + Level 13.5(12.7) Ice Magic
 + Level 13.5(12.7) Air Magic
 + Level 13.5(12.7) Earth Magic
 + Level 13.5(12.7) Poison Magic
 + Level 17.3(16.5) Invocations
 + Level 15.7(14.8) Evocations


You had 54 spell levels left.
You didn't know any spells.
Your spell library contained the following spells:

 Spells                   Type           Power        Failure   Level
 Animate Skeleton         Necr           ######       1%          1
 Apportation              Tloc           ######       1%          1
 Corona                   Hex            ######.      1%          1
 Freeze                   Ice            ####         1%          1
 Magic Dart               Conj           ####         1%          1
 Pain                     Necr           ####         1%          1
 Sting                    Tmut/Pois      ####         1%          1
 Summon Small Mammal      Summ           ####         1%          1
 Blink                    Tloc           N/A          1%          2
 Call Imp                 Summ           ######..     1%          2
 Corpse Rot               Necr/Air       N/A          1%          2
 Poisonous Vapours        Pois/Air       ######       1%          2
 Searing Ray              Conj           ######       1%          2
 Slow                     Hex            ######..     1%          2
 Sublimation of Blood     Necr           ######....   1%          2
 Conjure Flame            Conj/Fire      ######..     1%          3
 Dazzling Flash           Conj/Hex       ######       1%          3
 Frozen Ramparts          Ice            ######       1%          3
 Gell's Gravitas          Tloc           ######....   1%          3
 Ignite Poison            Fire/Tmut/Pois ######..     1%          3
 Lesser Beckoning         Tloc           ######....   1%          3
 Mephitic Cloud           Conj/Pois/Air  ######..     1%          3
 Ozocubu's Armour         Ice            ######..     1%          3
 Portal Projectile        Hex/Tloc       ######       1%          3
 Static Discharge         Conj/Air       ######..     1%          3
 Vampiric Draining        Necr           ######....   1%          3
 Animate Dead             Necr           ######....   2%          4
 Dispel Undead            Necr           ######..     2%          4
 Fulminant Prism          Conj/Hex       ######....   2%          4
 Hailstorm                Conj/Ice       ######..     2%          4
 Iskenderun's Mystic Bla  Conj/Tloc      ######..     2%          4
 Leda's Liquefaction      Hex/Erth       ######....   2%          4
 Olgreb's Toxic Radiance  Pois           ######..     2%          4
 Sticky Flame             Conj/Fire      ######..     2%          4
 Summon Ice Beast         Ice/Summ       ######..     2%          4
 Summon Lightning Spire   Summ/Air       ######..     2%          4
 Agony                    Necr           ######..     8%          5
 Bolt of Magma            Conj/Fire/Erth ######....   8%          5
 Excruciating Wounds      Necr           ######....   8%          5
 Irradiate                Conj/Tmut      ######....   8%          5
 Iskenderun's Battlesphe  Conj           ######..     8%          5
 Lightning Bolt           Conj/Air       ######....   8%          5
 Silence                  Hex/Air        ######....   8%          5
 Conjure Ball Lightning   Conj/Air       ######....   41%         6
 Dispersal                Tloc           ######....   41%         6
 Freezing Cloud           Conj/Ice/Air   ######....   41%         6
 Iron Shot                Conj/Erth      ######....   41%         6
 Simulacrum               Ice/Necr       ######....   41%         6
 Starburst                Conj/Fire      ######....   41%         6
 Statue Form              Tmut/Erth      ######...    41%         6
 Orb of Destruction       Conj           ######....   94%         7
 Spellforged Servitor     Conj/Summ      ######....   94%         7
 Chain Lightning          Conj/Air       ######....   100%        8
 Disjunction              Tloc           ######....   100%        8
 Ignition                 Fire           ######....   100%        8
 Lehudib's Crystal Spear  Conj/Erth      ######....   100%        8
 Absolute Zero            Ice            ######....   100%        9
 Fire Storm               Conj/Fire      ######....   100%        9
 Shatter                  Erth           ######....   100%        9
 Tornado                  Air            ######....   100%        9


Dungeon Overview and Level Annotations

Branches:
Dungeon (15/15)            Temple (0/1) D:6            Lair (6/6) D:8
  Swamp (4/4) Lair:4       Spider (4/4) Lair:3        Slime (0/5) Lair:5
    Orc (2/2) D:12            Elf (3/3) Orc:2        Vaults (5/5) D:13
  Crypt (0/3) Vaults:3     Depths (1/5) D:15        Ossuary (visited)
 WizLab (visited)

Altars:
Ashenzari
Cheibriados
Dithmenos
Fedhas
Gozag
Kikubaaqudgha
Makhleb
Okawaru
Qazlal
Sif Muna
Vehumet
Xom
Yredelemnul
Zin
The Shining One
Beogh
Jiyva

Shops:
D:4 (   D:5 *   D:6 (   D:8 }   D:12 !   Orc:2 *}?[([:   Elf:1 !   Elf:2 (
Vaults:3 }

Portals:
Pandemonium: Orc:2

Annotations:
D:7 Queen's ghost, novice OgGl
D:10 2 transporters, Necrophagist's ghost, novice FoFi
Vaults:1 2 transporters, exclusion: obsidian statue
Vaults:5 corrupted


Innate Abilities, Weirdness & Mutations

Your experience applies equally to all skills.
You have very sharp teeth.
Your uncanny sense of smell can sniff out nearby items.
You have hoof-like feet.
You often lose your temper in combat.
You are covered in fur. (AC +1)


Message History

You can no longer gate yourself to the Abyss.
You hear a chilling moan.
You don't have enough magic at the moment.
You feel sick.
Deactivating autopickup; reactivate with Ctrl-A.
You carve something like a ham!!!
You hear a roar!
You block something's attack.
You hit something but do no damage. You bite something.
You feel sick.
A smoke demon comes into view.
Something hits you!!
* * * LOW HITPOINT WARNING * * *
You feel your power leaking away.
The smoke demon roars!
You carve something like a ham!!!
Reactivating autopickup.
You feel a bit more experienced. The smoke demon gestures at you.
Something smites you!
You die...

.. .. #. ..
...##...##... ≈
..#.....#.. ≈≈
#....... .≈≈
......# ..≈3
#...###...≈≈
#.#####.##.....≈≈
#........@#
................≈≈
#...............≈≈
....##+#.##.##..≈≈
.. ... .# #.# ..
......# . .
.....#.# .....# ..


You could see a smoke demon.

Vanquished Creatures
  An ancient lich (Vaults:4)
  Margery (Vaults:4)
  A golden dragon (Vaults:4)
  Jorgrun (Orc:2)
  2 tentacled monstrosities (Vaults:4)
  2 liches (Vaults:4)
  2 quicksilver dragons
  5 titans
  Asterion (Vaults:1)
  4 tengu reavers
  2 tentacled starspawn (Abyss:2)
  5 sphinxes
  Donald (Vaults:1)
  2 storm dragons
  3 shadow dragons (Vaults:4)
  Frances (Elf:1)
  A fenstrider witch (Swamp:3)
  Roxanne (Swamp:1)
  4 fire giants
  An azure jelly (shapeshifter) (Vaults:4)
  13 vault wardens
  4 ghost moths
  4 frost giants
  5 deep elf sorcerers
  2 iron dragons (Vaults:5)
  5 emperor scorpions
  Louise (D:15)
  A ghoul (Swamp:3)
  2 orc warlords
  10 stone giants
  2 war gargoyles
  16 ironheart preservers
  3 entropy weavers
  6 very ugly things
  Azrael (D:12)
  A lorocyproca (Abyss:1)
  2 deep elf demonologists
  A bunyip (shapeshifter) (Vaults:2)
  Nessos (D:13)
  5 bunyips
  2 spark wasps
  9 purple draconians (WizLab)
  5 deep elf annihilators
  9 statues (WizLab)
  3 ettins
  7 eleionomae
  A dire elephant (D:15)
  A crystal guardian (Vaults:3)
  2 deep elf death magi
  2 fire dragons
  Josephine (Orc:2)
  The ghost of Uxoog the Grappler, a journeyman VSWn of Ashenzari (Lair:5)
  13 yaktaur captains
  4 deep elf high priests
  Harold (Lair:2)
  Erolcha (D:13)
  23 vault guards
  The ghost of voshxx the Thaumaturge, a journeyman OpIE of Vehumet (D:14)
  3 great orbs of eyes
  5 ice dragons
  13 hydras
  8 boulder beetles
  7 centaur warriors
  A catoblepas (Lair:5)
  A ghost crab (Swamp:1)
  11 ogre magi
  2 rakshasas
  22 dancing weapons
  8 alligators
  32 two-headed ogres
  A deep troll shaman (Vaults:3)
  2 tengu warriors (D:15)
  4 deep troll earth magi
  3 death yaks (Lair:5)
  Urug (D:12)
  4 orc high priests
  A soul eater (Orc:2)
  3 goliath frogs
  A wretched star (Abyss:2)
  A hell knight (Vaults:4)
  Sonja (D:12)
  21 deep elf knights
  A shadow wraith (Vaults:2)
  2 glowing orange brains
  A salamander mystic (D:15)
  6 spriggan druids
  14 deep trolls
  2 flayed ghosts (Vaults:2)
  A spatial maelstrom (Abyss:2)
  16 ironbrand convokers
  19 bog bodies
  3 unseen horrors
  14 deep elf archers
  6 harpies (Vaults:3)
  9 swamp dragons
  Pikel (D:4)
  6 wizards
  6 necromancers
  21 orc knights
  A wolf spider zombie (D:15)
  13 orc sorcerers
  A stone giant zombie (Vaults:5)
  41 wolf spiders
  A shadow dragon zombie (Vaults:4)
  An orb spider (shapeshifter) (D:13)
  15 orb spiders
  67 deep elf magi
  32 ugly things
  A manticore (shapeshifter) (Vaults:1)
  A shadow dragon skeleton (Vaults:4)
  2 will-o-the-wisps
  3 worldbinders
  4 cyclopes
  4 manticores
  2 fire giant zombies
  A frost giant skeleton (Vaults:4)
  A fire giant skeleton (Vaults:4)
  A guardian serpent (Lair:6)
  2 naga magi (Vaults:4)
  2 rust devils (Orc:2)
  3 moths of wrath
  16 elephants
  15 black mambas
  17 cane toads
  A water nymph (shapeshifter) (D:12)
  A torpor snail (shapeshifter) (Vaults:4)
  2 orange demons
  A smoke demon (Abyss:1)
  11 freezing wraiths
  17 vault sentinels
  Psyche (D:12)
  2 cane toads (shapeshifter) (Vaults:1)
  2 rime drakes
  2 gargoyles
  A yaktaur (shapeshifter) (Orc:2)
  An efreet (Abyss:2)
  14 demonic crawlers
  12 komodo dragons
  A queen bee (D:11)
  11 trolls
  37 yaktaurs
  2 ancient zymes (Abyss:2)
  A tengu conjurer (Vaults:4)
  A wind drake (shapeshifter) (Vaults:5)
  4 polar bears
  A tengu simulacrum (Vaults:4)
  8 tyrant leeches
  26 jumping spiders
  A polar bear (shapeshifter) (Vaults:4)
  Prince Ribbit (D:5)
  6 meliai
  19 hornets
  13 slime creatures
  A slime creature (shapeshifter) (Vaults:5)
  19 blink frogs
  A frost giant simulacrum (Vaults:5)
  5 wraiths
  A spriggan (shapeshifter) (Orc:2)
  18 spriggans
  2 water elementals
  18 wyverns
  8 fire elementals
  43 redbacks
  7 starcursed masses (Abyss:2)
  2 air elementals
  16 humans (D:13)
  20 tarantellas
  4 ynoxinuls
  2 large abominations (Abyss:1)
  43 yaks
  A neqoxec (Orc:2)
  4 basilisks
  8 vampire mosquitoes (Swamp:1)
  3 chaos spawn
  5 swamp worm simulacra (Swamp:4)
  7 wargs
  A soldier ant (D:13)
  18 swamp worms
  12 hydra simulacra (Swamp:4)
  4 acid dragons
  2 swamp drakes
  3 hell hounds
  A floating eye (Lair:1)
  2 black bears (shapeshifter)
  19 water moccasins
  5 ice beasts
  59 orc warriors
  9 sky beasts
  A black bear (D:13)
  A boggart (D:14)
  An eye of draining (D:12)
  7 necrophages
  33 ogres
  7 small abominations
  4 phantoms
  8 wolves
  16 centaurs
  2 big kobolds
  An elf zombie (Ossuary)
  A gnoll sergeant (D:5)
  22 bullfrogs
  A human skeleton (Vaults:5)
  2 earth elementals
  A water moccasin zombie (D:5)
  5 scorpions
  A water moccasin skeleton (D:5)
  33 wights
  46 killer bees
  3 howler monkeys
  A lava snake (D:7)
  2 bullfrog zombies
  5 quasits
  Crazy Yiuf (D:2)
  2 centaur zombies
  9 hounds
  7 jellies
  3 bullfrog skeletons
  37 orc priests
  22 orc wizards
  6 centaur skeletons
  2 human zombies
  8 iguanas
  16 worker ants
  3 polar bear simulacra (Lair:5)
  7 hell rats (Lair:4)
  3 yak simulacra (Lair:5)
  4 wolf simulacra (Lair:5)
  2 hound zombies
  A hound skeleton (D:10)
  2 mummies (Ossuary)
  A worker ant zombie (D:7)
  7 gnolls
  A howler monkey skeleton (D:4)
  9 adders
  3 shadow imps
  3 white imps
  5 oozes (D:12)
  3 swamp drake simulacra (Swamp:4)
  5 adder zombies
  3 adder skeletons
  2 worms
  4 dart slugs
  8 leopard geckos
  139 orcs
  8 bats
  6 giant cockroaches
  7 goblins
  9 hobgoblins
  7 jackals
  20 kobolds
  4 quokkas
  2 frilled lizards (D:1)
  2 goblin zombies (Ossuary)
  8 hobgoblin zombies (Ossuary)
  A jackal zombie (Ossuary)
  13 kobold zombies (Ossuary)
  7 orc zombies (Ossuary)
  9 rats
  A river rat simulacrum (Lair:5)
  2 starspawn tentacles (Abyss:2)
1954 creatures vanquished.

Vanquished Creatures (collateral kills)
  A tentacled monstrosity (Vaults:5)
  A sphinx (Vaults:5)
  A tengu reaver (Vaults:5)
  A vault warden (Vaults:5)
  A war gargoyle (Vaults:5)
  A deep elf death mage (Vaults:5)
  2 yaktaur captains (Vaults:5)
  A deep elf mage (Vaults:5)
  A yaktaur (Vaults:5)
10 creatures vanquished.

Vanquished Creatures (others)
  Nikola (Spider:1)
  A fire giant (Vaults:4)
  An ironheart preserver (Vaults:5)
  3 vault guards (Vaults:5)
  A dancing weapon (Elf:2)
  A necromancer (Vaults:5)
  A deep elf mage (Elf:2)
  A yaktaur (Vaults:5)
  2 bloated husks
  A hornet (Swamp:3)
  A large abomination (Abyss:1)
  A redback (Spider:1)
  An orc warrior (Vaults:2)
  An orc (Vaults:1)
  A frilled lizard (D:1)
  22 foxfires
  63 fungi
  108 plants
  3 starspawn tentacles (Abyss:2)
214 creatures vanquished.

Grand Total: 2178 creatures vanquished

Notes
Turn   | Place    | Note
-------+----------+-------------------------------------------
     0 | Abyss:1  | Gargoyl the Gnoll Abyssal Knight began the quest for the
                  | Orb.
     0 | Abyss:1  | Reached XP level 1. HP: 23/23 MP: 3/3
     4 | Abyss:1  | Found a corrupted altar of Lugonu.
    37 | Abyss:2  | Noticed a small abomination
    50 | Abyss:2  | Killed a small abomination
    50 | Abyss:2  | Reached skill level 1 in Short Blades
    50 | Abyss:2  | Reached skill level 1 in Long Blades
    50 | Abyss:2  | Reached skill level 1 in Maces & Flails
    50 | Abyss:2  | Reached skill level 1 in Polearms
    50 | Abyss:2  | Reached skill level 1 in Staves
    50 | Abyss:2  | Reached skill level 1 in Slings
    50 | Abyss:2  | Reached skill level 1 in Bows
    50 | Abyss:2  | Reached skill level 1 in Crossbows
    50 | Abyss:2  | Reached skill level 1 in Throwing
    50 | Abyss:2  | Reached skill level 1 in Stealth
    50 | Abyss:2  | Reached skill level 1 in Shields
    50 | Abyss:2  | Reached skill level 1 in Unarmed Combat
    50 | Abyss:2  | Reached skill level 1 in Spellcasting
    50 | Abyss:2  | Reached skill level 1 in Evocations
    50 | Abyss:2  | Reached XP level 2. HP: 15/29 MP: 5/5
    50 | Abyss:2  | Reached XP level 3. HP: 18/35 MP: 6/6
    50 | Abyss:2  | Reached XP level 4. HP: 22/41 MP: 7/7
    95 | Abyss:2  | Noticed an ancient zyme
   100 | Abyss:2  | Killed an ancient zyme
   100 | Abyss:2  | Reached skill level 5 in Axes
   100 | Abyss:2  | Reached skill level 5 in Armour
   100 | Abyss:2  | Reached skill level 1 in Conjurations
   100 | Abyss:2  | Reached skill level 1 in Hexes
   100 | Abyss:2  | Reached skill level 1 in Summonings
   100 | Abyss:2  | Reached skill level 1 in Necromancy
   100 | Abyss:2  | Reached skill level 1 in Translocations
   100 | Abyss:2  | Reached skill level 1 in Transmutations
   100 | Abyss:2  | Reached skill level 1 in Fire Magic
   100 | Abyss:2  | Reached skill level 1 in Ice Magic
   100 | Abyss:2  | Reached skill level 1 in Air Magic
   100 | Abyss:2  | Reached skill level 1 in Earth Magic
   100 | Abyss:2  | Reached skill level 1 in Poison Magic
   100 | Abyss:2  | Reached skill level 5 in Invocations
   100 | Abyss:2  | Reached XP level 5. HP: 32/47 MP: 8/8
   100 | Abyss:2  | Reached XP level 6. HP: 36/53 MP: 9/9
   101 | Abyss:2  | Noticed a large abomination
   108 | Abyss:2  | Noticed a wraith
   141 | Abyss:2  | Noticed a bone dragon
   151 | Abyss:3  | Noticed a ynoxinul
   152 | Abyss:3  | Found a corrupted altar of Lugonu.
   154 | D:1      | Escaped the Abyss
   691 | D:1      | Reached * piety under Lugonu
  1512 | D:2      | Found a snail-covered altar of Cheibriados.
  1844 | D:2      | Found a shadowy altar of Dithmenos.
  1850 | D:2      | Reached ** piety under Lugonu
  2397 | D:2      | Found a shimmering altar of Xom.
  2397 | D:2      | Found a glowing silver altar of Zin.
  2403 | D:2      | Found an iron altar of Okawaru.
  2409 | D:2      | Found an opulent altar of Gozag.
  2533 | D:2      | Found a runed translucent door.
  2534 | D:2      | Noticed Crazy Yiuf
  2541 | D:2      | Killed Crazy Yiuf
  2541 | D:2      | Reached XP level 7. HP: 59/59 MP: 10/10
  3222 | D:3      | Reached *** piety under Lugonu
  3264 | D:3      | Got a faintly glowing scale mail
  3278 | D:3      | Identified the +2 scale mail of Dogmatism {rF++} (You found
                  | it on level 3 of the Dungeon)
  3500 | D:3      | Found a burning altar of Makhleb.
  3500 | D:3      | Found a faded altar of an unknown god.
  3505 | D:3      | Found a stormy altar of Qazlal.
  3508 | D:3      | Found a shimmering blue altar of Sif Muna.
  3509 | D:3      | Found a glowing golden altar of the Shining One.
  4013 | D:4      | Found Keussim's Weapon Emporium.
  4027 | D:4      | Reached XP level 8. HP: 63/67 MP: 12/12
  4175 | D:4      | Noticed Pikel
  4211 | D:4      | Killed Pikel
  4551 | D:5      | Entered Level 5 of the Dungeon
  4551 | D:5      | Found a burning altar of Makhleb.
  4551 | D:5      | Found Xuthrox's General Store.
  4881 | D:5      | Reached XP level 9. HP: 65/72 MP: 14/14
  5316 | D:5      | Noticed Prince Ribbit
  5344 | D:5      | Killed Prince Ribbit
  5344 | D:5      | Reached skill level 5 in Dodging
  6014 | D:6      | Reached **** piety under Lugonu
  6454 | D:6      | Found Tinagyrr's Antique Weapon Boutique.
  6812 | D:6      | Reached XP level 10. HP: 61/80 MP: 17/17
  7077 | D:6      | Found a staircase to the Ecumenical Temple.
  7342 | D:7      | Reached skill level 5 in Short Blades
  7342 | D:7      | Reached skill level 5 in Long Blades
  7342 | D:7      | Reached skill level 5 in Maces & Flails
  7342 | D:7      | Reached skill level 5 in Polearms
  7342 | D:7      | Reached skill level 5 in Staves
  7342 | D:7      | Reached skill level 5 in Slings
  7342 | D:7      | Reached skill level 5 in Bows
  7342 | D:7      | Reached skill level 5 in Crossbows
  7342 | D:7      | Reached skill level 5 in Throwing
  7342 | D:7      | Reached skill level 5 in Stealth
  7342 | D:7      | Reached skill level 5 in Shields
  7342 | D:7      | Reached skill level 5 in Unarmed Combat
  7342 | D:7      | Reached skill level 5 in Spellcasting
  7342 | D:7      | Reached skill level 5 in Evocations
  7772 | D:7      | Found a broken altar of Ashenzari.
  7872 | D:7      | Found a sand-covered staircase.
  7880 | Ossuary  | Entered an ossuary
  7954 | Ossuary  | Reached ***** piety under Lugonu
  8284 | D:7      | Found a snail-covered altar of Cheibriados.
  9271 | D:8      | Found an opulent altar of Gozag.
  9420 | D:8      | Found a staircase to the Lair.
  9548 | D:8      | Found a runed translucent gate.
  9549 | D:8      | Identified the +10 flail "Uledol" {speed, +Blink rC- MP+9}
  9549 | D:8      | Identified the +2 plate armour "Utua" {rC++}
  9563 | D:8      | Noticed Queen's ghost (novice OgGl)
  9711 | D:8      | Found a runed translucent gate.
  9711 | D:8      | Found a runed translucent gate.
  9712 | D:8      | Found a roughly hewn altar of Beogh.
  9994 | D:8      | Found Qilisonn's Gadget Shoppe.
 10073 | D:8      | HP: 1/82 [Queen's ghost (13)]
 10633 | D:8      | Got a pair of masterwork gloves
 10639 | D:8      | Identified the +2 pair of gloves "Xisuf" {Harm +Fly Int-2}
                  | (You found it on level 8 of the Dungeon)
 11349 | D:9      | Reached XP level 11. HP: 74/87 MP: 19/19
 11716 | D:9      | Got a pair of masterwork boots
 11722 | D:9      | Identified the +1 pair of boots of True Grit {-Cast -Tele
                  | rPois SInv} (You found it on level 9 of the Dungeon)
 11845 | D:10     | Entered Level 10 of the Dungeon
 11875 | D:10     | Reached skill level 5 in Conjurations
 11875 | D:10     | Reached skill level 5 in Hexes
 11875 | D:10     | Reached skill level 5 in Summonings
 11875 | D:10     | Reached skill level 5 in Necromancy
 11875 | D:10     | Reached skill level 5 in Translocations
 11875 | D:10     | Reached skill level 5 in Transmutations
 11875 | D:10     | Reached skill level 5 in Fire Magic
 11875 | D:10     | Reached skill level 5 in Ice Magic
 11875 | D:10     | Reached skill level 5 in Air Magic
 11875 | D:10     | Reached skill level 5 in Earth Magic
 11875 | D:10     | Reached skill level 5 in Poison Magic
 11922 | D:10     | Found a transporter.
 11924 | D:10     | Noticed Necrophagist's ghost (novice FoFi)
 11938 | D:10     | Noticed a two-headed ogre
 11943 | D:10     | Killed a two-headed ogre
 12057 | D:10     | Found a transporter.
 12427 | D:10     | Reached ****** piety under Lugonu
 12721 | D:10     | Found a blossoming altar of Fedhas.
 12731 | D:10     | Noticed an oklob plant
 12754 | D:10     | Banished an oklob plant
 13139 | Lair:1   | Entered Level 1 of the Lair of Beasts
 13224 | Lair:1   | Noticed a seven-headed hydra
 13278 | Lair:1   | HP: 1/89 [komodo dragon (19)]
 13685 | Lair:1   | Banished a seven-headed hydra
 14177 | Lair:1   | Noticed an oklob plant
 14178 | Lair:1   | Banished an oklob plant
 14182 | Lair:1   | Noticed an oklob plant
 14182 | Lair:1   | Noticed an oklob plant
 14183 | Lair:1   | Paralysed by a floating eye for 4 turns
 14212 | Lair:1   | Paralysed by a floating eye for 4 turns
 14232 | Lair:1   | Banished an oklob plant
 14232 | Lair:1   | Reached XP level 12. HP: 70/96 MP: 16/22
 15216 | Lair:2   | Noticed Harold
 15531 | Lair:2   | Killed Harold
 16250 | Lair:2   | Reached skill level 10 in Fighting
 16611 | Lair:2   | Noticed a five-headed hydra
 16614 | Lair:2   | Banished a five-headed hydra
 16645 | Lair:2   | Got a shimmering ring mail
 16856 | Lair:2   | Got a smoking ring mail
 17336 | Lair:2   | Identified the +5 ring mail of Jeli {*Drain +Fly Regen+
                  | Dex-3} (You found it on level 2 of the Lair of Beasts)
 17347 | Lair:2   | Identified the +4 ring mail "Duruer" {Harm +Blink MP-9
                  | SInv} (You found it on level 2 of the Lair of Beasts)
 17786 | Lair:3   | Reached XP level 13. HP: 38/103 MP: 11/24
 18787 | Lair:3   | Found a hole to the Spider Nest.
 19363 | Lair:4   | Reached skill level 10 in Invocations
 21140 | Lair:4   | Found a staircase to the Swamp.
 21396 | Lair:4   | Gained mutation: You occasionally shout uncontrollably at
                  | your foes. [potion of mutation]
 21396 | Lair:4   | Gained mutation: You are agile. (Dex +2) [potion of
                  | mutation]
 21396 | Lair:4   | Gained mutation: You are resistant to hostile enchantments.
                  | (MR+) [potion of mutation]
 21396 | Lair:4   | Gained mutation: You have a pair of small horns on your
                  | head. [potion of mutation]
 21397 | Lair:4   | Lost mutation: You are resistant to hostile enchantments.
                  | (MR+) [potion of mutation]
 21397 | Lair:4   | Lost mutation: You are agile. (Dex +2) [potion of mutation]
 21397 | Lair:4   | Lost mutation: You have a pair of small horns on your head.
                  | [potion of mutation]
 21397 | Lair:4   | Gained mutation: Potions are less effective at restoring
                  | your health. [potion of mutation]
 21397 | Lair:4   | Gained mutation: Your mind is acute. (Int +2) [potion of
                  | mutation]
 21397 | Lair:4   | Gained mutation: Your flesh is heat resistant. (rF+)
                  | [potion of mutation]
 21397 | Lair:4   | Gained mutation: You expend magic power (3 MP) to
                  | strengthen your wands. [potion of mutation]
 21398 | Lair:4   | Lost mutation: Your flesh is heat resistant. (rF+) [potion
                  | of mutation]
 21398 | Lair:4   | Lost mutation: Your mind is acute. (Int +2) [potion of
                  | mutation]
 21398 | Lair:4   | Lost mutation: Potions are less effective at restoring your
                  | health. [potion of mutation]
 21398 | Lair:4   | Lost mutation: You occasionally shout uncontrollably at
                  | your foes. [potion of mutation]
 21398 | Lair:4   | Gained mutation: Your magical capacity is low. (-10% MP)
                  | [potion of mutation]
 21398 | Lair:4   | Gained mutation: You have extremely sharp teeth. [potion of
                  | mutation]
 21399 | Lair:4   | Lost mutation: Your magical capacity is low. (-10% MP)
                  | [potion of mutation]
 21399 | Lair:4   | Lost mutation: You expend magic power (3 MP) to strengthen
                  | your wands. [potion of mutation]
 21399 | Lair:4   | Lost mutation: You have extremely sharp teeth. [potion of
                  | mutation]
 21399 | Lair:4   | Gained mutation: You have large cloven feet. [potion of
                  | mutation]
 21399 | Lair:4   | Gained mutation: You are partially covered in molten
                  | scales. (AC +2) [potion of mutation]
 21399 | Lair:4   | Gained mutation: You passively map a small area around you.
                  | [potion of mutation]
 21491 | Lair:5   | Found a transporter.
 21491 | Lair:5   | Noticed Uxoog's ghost (journeyman VSWn)
 21493 | Lair:5   | Found a transporter.
 21504 | Lair:5   | Found a viscous altar of Jiyva.
 21505 | Lair:5   | Found a staircase to the Slime Pits.
 21994 | Lair:5   | Got a jewelled crystal plate armour
 22051 | Lair:4   | Identified the +21 crystal plate armour of Weseiro {rC+}
                  | (You found it on level 5 of the Lair of Beasts)
 23009 | Lair:5   | Killed Uxoog's ghost
 23198 | Lair:5   | Lost mutation: You are partially covered in molten scales.
                  | (AC +2) [potion of mutation]
 23198 | Lair:5   | Lost mutation: You have large cloven feet. [potion of
                  | mutation]
 23198 | Lair:5   | Lost mutation: You passively map a small area around you.
                  | [potion of mutation]
 23198 | Lair:5   | Gained mutation: You have large cloven feet. [potion of
                  | mutation]
 23198 | Lair:5   | Gained mutation: You tend to lose your temper in combat.
                  | [potion of mutation]
 23198 | Lair:5   | Gained mutation: You have hoof-like feet. [potion of
                  | mutation]
 23198 | Lair:5   | Gained mutation: You are covered in fur. (AC +1) [potion of
                  | mutation]
 23207 | Lair:6   | Entered Level 6 of the Lair of Beasts
 23279 | Lair:6   | Reached XP level 14. HP: 111/111 MP: 26/26
 23359 | Lair:6   | Reached skill level 10 in Axes
 23359 | Lair:6   | Reached skill level 10 in Armour
 25057 | Lair:6   | Got a buzzing war axe
 25058 | Lair:6   | Identified the +4 war axe of Dismay {antimagic, +Rage rPois
                  | rN+} (You found it on level 6 of the Lair of Beasts)
 25717 | D:11     | Reached skill level 10 in Dodging
 26285 | D:11     | Reached XP level 15. HP: 111/119 MP: 25/28
 26947 | D:12     | Found Zouvit's Distillery.
 26947 | D:12     | Noticed Azrael
 26967 | D:12     | You fall into a shaft and drop 2 floors!
 27311 | D:13     | Noticed Nessos
 27388 | D:13     | Killed Nessos
 27673 | D:12     | Killed Azrael
 27673 | D:12     | Reached skill level 10 in Short Blades
 27673 | D:12     | Reached skill level 10 in Long Blades
 27673 | D:12     | Reached skill level 10 in Maces & Flails
 27673 | D:12     | Reached skill level 10 in Polearms
 27673 | D:12     | Reached skill level 10 in Staves
 27673 | D:12     | Reached skill level 10 in Slings
 27673 | D:12     | Reached skill level 10 in Bows
 27673 | D:12     | Reached skill level 10 in Crossbows
 27673 | D:12     | Reached skill level 10 in Throwing
 27673 | D:12     | Reached skill level 10 in Stealth
 27673 | D:12     | Reached skill level 10 in Shields
 27673 | D:12     | Reached skill level 10 in Unarmed Combat
 27673 | D:12     | Reached skill level 10 in Spellcasting
 27673 | D:12     | Reached skill level 10 in Evocations
 27769 | D:12     | Bought a potion of heal wounds for 60 gold pieces
 27769 | D:12     | Bought a potion of heal wounds for 60 gold pieces
 28651 | D:12     | Noticed Urug
 28677 | D:12     | Found a staircase to the Orcish Mines.
 28688 | D:12     | Killed Urug
 28761 | D:12     | You fall into a shaft and drop 3 floors!
 28761 | D:15     | Entered Level 15 of the Dungeon
 29109 | D:14     | Found a shimmering altar of Xom.
 29110 | D:14     | Found a shimmering altar of Xom.
 29110 | D:14     | Found a shimmering altar of Xom.
 29112 | D:14     | Found a shimmering altar of Xom.
 29245 | D:14     | Found a runed translucent door.
 29246 | D:14     | Identified the +6 spear of Ancient Evil {vorpal, *Rage
                  | +Blink Int+3}
 29248 | D:14     | Noticed voshxx's ghost (journeyman OpIE)
 29253 | D:13     | Found a gate to the Vaults.
 29507 | D:13     | Noticed Erolcha
 29521 | D:13     | Killed Erolcha
 30692 | D:14     | Killed voshxx's ghost
 30882 | D:15     | Noticed Louise
 30911 | D:15     | Cast into level 2 of the Abyss (Louise)
 30950 | Abyss:2  | Noticed a tentacled starspawn
 30960 | Abyss:2  | Killed a tentacled starspawn
 30960 | Abyss:2  | Reached XP level 16. HP: 80/127 MP: 24/30
 31186 | Abyss:2  | Noticed a tentacled starspawn
 31206 | Abyss:2  | Killed a tentacled starspawn
 31243 | D:15     | Escaped the Abyss
 31267 | D:15     | Killed Louise
 32414 | D:15     | Found a staircase to the Depths.
 32462 | Depths:1 | Entered Level 1 of the Depths
 32462 | Depths:1 | Noticed a sphinx
 32467 | Depths:1 | Paralysed by a sphinx for 5 turns
 32483 | D:15     | Killed a sphinx
 32721 | Orc:1    | Entered Level 1 of the Orcish Mines
 33008 | Orc:1    | Found a roughly hewn altar of Beogh.
 33609 | Orc:2    | Entered Level 2 of the Orcish Mines
 33609 | Orc:2    | Found a staircase to the Elven Halls.
 33768 | Orc:2    | Noticed Jorgrun
 33821 | Orc:2    | Killed Jorgrun
 34237 | Orc:2    | Found Pehow's Antique Weapon Boutique.
 34242 | Orc:2    | Found Plog's Book Emporium.
 34316 | Orc:2    | Noticed Josephine
 34328 | Orc:2    | Killed Josephine
 34434 | Orc:2    | Found Baqoesh's Armour Boutique.
 34466 | Orc:2    | Found Soel's Antique Armour Shop.
 34474 | Orc:2    | Bought a glowing kite shield for 180 gold pieces
 34485 | Orc:2    | Bought a pair of runed boots for 180 gold pieces
 34569 | Orc:2    | Found a roughly hewn altar of Beogh.
 34639 | Orc:2    | Found Kivvofi's General Store.
 34642 | Orc:2    | Found Muerghon's Magic Scroll Shoppe.
 35630 | Orc:2    | Gained mutation: You often lose your temper in combat. [a
                  | neqoxec]
 36026 | Orc:2    | Paralysed by an orc sorcerer for 3 turns
 36054 | Orc:2    | Paralysed by an orc sorcerer for 6 turns
 36171 | Orc:2    | Found Omuixkiu's Gadget Shop.
 36171 | Orc:2    | Found Haqupnia's Antique Weapon Boutique.
 36172 | Orc:2    | Found a one-way gate leading to the halls of Pandemonium.
 36333 | D:12     | Noticed Psyche
 36333 | D:12     | Noticed Sonja
 36337 | D:12     | Killed Psyche
 36344 | D:12     | Killed Sonja
 36549 | D:12     | Reached XP level 17. HP: 135/135 MP: 32/32
 36794 | Swamp:1  | Entered Level 1 of the Swamp
 36968 | Swamp:1  | Reached XP level 18. HP: 137/142 MP: 31/33
 37158 | Swamp:1  | Identified Roxanne's Tome of Transmigration
 37158 | Swamp:1  | Noticed Roxanne
 37178 | Swamp:1  | Killed Roxanne
 39164 | Swamp:3  | Reached skill level 10 in Conjurations
 39164 | Swamp:3  | Reached skill level 10 in Hexes
 39164 | Swamp:3  | Reached skill level 10 in Summonings
 39164 | Swamp:3  | Reached skill level 10 in Necromancy
 39164 | Swamp:3  | Reached skill level 10 in Translocations
 39164 | Swamp:3  | Reached skill level 10 in Transmutations
 39164 | Swamp:3  | Reached skill level 10 in Fire Magic
 39164 | Swamp:3  | Reached skill level 10 in Ice Magic
 39164 | Swamp:3  | Reached skill level 10 in Air Magic
 39164 | Swamp:3  | Reached skill level 10 in Earth Magic
 39164 | Swamp:3  | Reached skill level 10 in Poison Magic
 40295 | Swamp:4  | Entered Level 4 of the Swamp
 40888 | Swamp:4  | Found a basalt altar of Yredelemnul.
 41194 | Swamp:4  | Reached XP level 19. HP: 150/150 MP: 35/35
 41940 | Swamp:4  | Got a decaying rune of Zot
 42245 | Vaults:1 | Entered Level 1 of the Vaults
 42414 | Vaults:1 | Noticed Donald
 42587 | Vaults:1 | Killed Donald
 43294 | Vaults:1 | Noticed Asterion
 43311 | Vaults:1 | Killed Asterion
 43893 | Vaults:1 | Found a transporter.
 43902 | Vaults:1 | Found a transporter.
 44635 | Vaults:1 | You fall into a shaft and drop 1 floor!
 44814 | Vaults:2 | Identified a scroll of acquirement
 44828 | Vaults:1 | Acquired the ring "Obytedd" {rF+ Str+4 Int+3 Dex+6}
 45563 | Vaults:2 | Reached XP level 20. HP: 149/159 MP: 33/36
 47367 | Vaults:3 | Cast into level 2 of the Abyss (a deep elf sorcerer)
 47379 | Vaults:3 | Escaped the Abyss
 48167 | Vaults:3 | Found Tuihyppe's Gadget Shoppe.
 48255 | Vaults:3 | Paralysed by an ogre mage for 4 turns
 48396 | Vaults:3 | Reached skill level 15 in Invocations
 48404 | Vaults:3 | Paralysed by a wizard for 6 turns
 48506 | Vaults:3 | Reached XP level 21. HP: 163/166 MP: 36/38
 48862 | Vaults:3 | Found a staircase to the Crypt.
 48862 | Vaults:3 | Found an ancient bone altar of Kikubaaqudgha.
 48863 | Vaults:3 | Found a basalt altar of Yredelemnul.
 49264 | Vaults:4 | Found a magical portal.
 49572 | WizLab   | Entered Iskenderun's Mystic Tower
 50825 | WizLab   | Identified Iskenderun's Reference Book on Arcane Weapons
 50825 | WizLab   | Identified Iskenderun's Guide on Attacks
 51457 | Vaults:4 | Reached skill level 15 in Fighting
 51853 | Vaults:4 | Noticed Margery
 51867 | Vaults:4 | Killed Margery
 51867 | Vaults:4 | Reached XP level 22. HP: 175/175 MP: 36/40
 52723 | Vaults:4 | Found a radiant altar of Vehumet.
 52724 | Vaults:4 | Found the +2 hood of the Assassin {Detection Stab+ Stlth++}
 52767 | Vaults:4 | Found the +4 robe of Augmentation {Str+4 Int+4 Dex+4}
 52767 | Vaults:4 | Paralysed by a wizard for 7 turns
 52849 | Vaults:5 | Entered Level 5 of the Vaults
 52850 | Vaults:5 | Corrupted Vaults:5
 53398 | Vaults:5 | Escaped the Abyss
 53768 | Vaults:4 | Acquired 971 gold pieces
 54354 | Spider:1 | Entered Level 1 of the Spider Nest
 54392 | Spider:1 | Noticed Nikola
 54422 | Spider:1 | Killed Nikola
 54422 | Spider:1 | Reached skill level 15 in Shields
 55390 | Spider:2 | Reached skill level 15 in Axes
 55390 | Spider:2 | Reached skill level 15 in Armour
 56424 | Spider:3 | Escaped the Abyss
 56430 | Spider:3 | Found a roughly hewn altar of Beogh.
 57437 | Spider:4 | Entered Level 4 of the Spider Nest
 58097 | Spider:4 | Reached XP level 23. HP: 181/183 MP: 41/41
 58584 | Spider:4 | Got a gossamer rune of Zot
 59225 | Vaults:5 | Noticed an ancient lich
 59738 | Abyss:2  | Found a corrupted altar of Lugonu.
 59828 | Abyss:2  | Reached skill level 15 in Dodging
 59839 | Vaults:5 | Escaped the Abyss
 60202 | Vaults:5 | Identified the ring "Boidiguk" {rF+ rC+ Str+3}
 60205 | Vaults:5 | Noticed a golden dragon
 60207 | Vaults:5 | Identified the +6 battleaxe of Qaeky {vorpal, rF+ rC+++
                  | Stlth-}
 60808 | Vaults:4 | Reached skill level 15 in Short Blades
 60808 | Vaults:4 | Reached skill level 15 in Long Blades
 60808 | Vaults:4 | Reached skill level 15 in Maces & Flails
 60808 | Vaults:4 | Reached skill level 15 in Polearms
 60808 | Vaults:4 | Reached skill level 15 in Staves
 60808 | Vaults:4 | Reached skill level 15 in Slings
 60808 | Vaults:4 | Reached skill level 15 in Bows
 60808 | Vaults:4 | Reached skill level 15 in Crossbows
 60808 | Vaults:4 | Reached skill level 15 in Throwing
 60808 | Vaults:4 | Reached skill level 15 in Stealth
 60808 | Vaults:4 | Reached skill level 15 in Unarmed Combat
 60808 | Vaults:4 | Reached skill level 15 in Spellcasting
 60808 | Vaults:4 | Reached skill level 15 in Evocations
 62273 | Vaults:4 | Killed an ancient lich
 63255 | Vaults:4 | Killed a golden dragon
 63598 | Vaults:5 | Reached XP level 24. HP: 191/191 MP: 41/42
 63870 | Vaults:5 | Identified the Incunabulum of the Glacier and Battle Magic
 64010 | Vaults:5 | Got a smoking jade ring
 64030 | Vaults:5 | Identified the ring "Zootil" {rPois Int+5 Dex+4 Slay+4}
                  | (You found it on level 5 of the Vaults)
 64405 | Vaults:5 | Got a silver rune of Zot
 64691 | Vaults:5 | Identified the +7 spear of Noon {elec, +Inv rElec Int-4
                  | SInv}
 64691 | Vaults:5 | Identified the amulet "Jicoidug" {Reflect MR- MP+9 Str+4
                  | SH+5}
 64736 | Vaults:5 | Identified the Almanac of Translocation and Unholy Rites
 64889 | D:13     | Acquired 1098 gold pieces
 64891 | D:13     | Acquired an uncursed amulet of reflection
 64923 | Elf:1    | Entered Level 1 of the Elven Halls
 65166 | Elf:1    | Found Ofuasaoz's Distillery.
 65175 | Elf:1    | Bought a potion of heal wounds for 85 gold pieces
 65175 | Elf:1    | Bought a potion of ambrosia for 136 gold pieces
 65570 | Elf:1    | Noticed Frances
 65578 | Elf:1    | Killed Frances
 66099 | Elf:2    | Found Lergha Hamoi's Weapon Boutique.
 66429 | Elf:2    | Found a huge runed translucent gate.
 66429 | Elf:2    | Found a huge runed translucent gate.
 66439 | Elf:2    | Found a huge runed translucent gate.
 66441 | Elf:2    | Found a huge runed translucent gate.
 66441 | Elf:2    | Found a huge runed translucent gate.
 66661 | Elf:2    | Acquired the +0 pair of fencer's gloves {Riposte Dex+3}
 66662 | Elf:2    | Found the +0 pair of fencer's gloves {Riposte Dex+3}
 66913 | Elf:3    | Entered Level 3 of the Elven Halls
 66994 | Abyss:1  | HP: 8/193 [something (16)]
 66995 | Abyss:1  | Killed from afar by a smoke demon

Illustrated notes

Levels and vault maps discovered:
D:1:      dpeg_arrival_tiny_e, layout_basic, minmay_tetromino_l4
D:2:      layout_loops_ring, nicolae_dithmenos_shadow_blocks, minitemple,
          serial_bayou_pond_c, cheibriados_altar_1, uniq_crazy_yiuf_cottage
D:3:      layout_rooms, chequers_temple_overflow_minitemple, eino_tiny_chamber
D:4:      layout_basic, serial_shops, shop, minivault_23, minmay_ruptured,
          uniq_pikel
D:5:      layout_basic, serial_shops, shop_statue, basic_altar,
          uniq_prince_ribbit1
D:6:      layout_basic, minmay_temple_entry_proselytizer, serial_shops, shop
D:7:      layout_basic, ashenzari_altar_1, lemuel_doored_altar,
          nicolae_ossuary_entry_ruins, grunt_decor_junction,
          kennysheep_generic_room_5
D:8:      layout_cave_pools, lair_entry_dummy, biasface_ghost_orc_armoury,
          serial_shops, kennysheep_little_box,
          nicolae_gozag_cash_rules_everything_around_me
D:9:      layout_roguey
D:10:     layout_loops_corners, gammafunk_ghost_stat_death, tgw_fedhas
D:11:     layout_grid_maze
D:12:     layout_roguey [special_room_bee], erik_orc_1, serial_shops,
          shop_fountains, hangedman_little_slice_of_home, uniq_azrael,
          uniq_psyche, uniq_urug, uniq_sonja
D:13:     layout_long_grid, david_vaults_3, uniq_erolcha
D:14:     layout_basic, xom_redecorated, ebering_ghost_funeral_grove
D:15:     hangedman_depths_entry_try_elsewhere_first, layout_loops_ring,
          uniq_louise
Lair:1:   layout_regular_city, disabler_island, grunt_megastairs_5
Lair:2:   cheibrodos_lair_river_kwai, layout_hall_layers, uniq_harold
Lair:3:   layout_cave_pods, spider_nest_entry_funnel_web,
          nicolae_quartered_pool_little, nicolae_lair_grove_arrangements,
          chequers_serial_rivers_small_b
Lair:4:   layout_big_grid, palyth_hydra_swamp_entry, st_stairs_9,
          serial_bayou_shore_b, grunt_megastairs_1
Lair:5:   layout_regular_city, slime_altar_1, gammafunk_ghost_arena,
          eino_house_with_fridge
Lair:6:   hangedman_lair_tendril_chambers, layout_regular_city, st_stairs_8
Swamp:1:  layout_basic_swamp, evilmike_swamp_ruin_house_5, uniq_roxanne
Swamp:2:  layout_basic_swamp, evilmike_swamp_ruin_house_3, swamp_pool4
Swamp:3:  layout_basic_swamp, nicolae_swamp_round_clearing, swamp_pool2,
          nicolae_swamp_stair_fork, hangedman_swamp_ravenous,
          infiniplex_staircase_pool
Swamp:4:  swamp_icy, layout_basic_swamp, grunt_ruined_hall
Spider:1: layout_spider_delve, guppyfry_spider_mini_2, uniq_nikola
Spider:2: layout_spider_delve, nicolae_spider_nook
Spider:3: nicolae_spider_mines_2
Spider:4: grunt_spider_rune_island
Orc:1:    layout_caves, basic_altar, nicolae_orc_crystal_geode
Orc:2:    pf_orc_diabolical, layout_caves, basic_altar, serial_shops,
          shop_statue, shop, nicolae_shop_trees, shop, uniq_jorgrun,
          uniq_josephine
Elf:1:    layout_rooms, serial_shops, shop, hangedman_elf_represent,
          evilmike_ambush [evilmike_ambush_outer_basic,
          evilmike_ambush_inner_wall_2], uniq_frances
Elf:2:    layout_geoelf_diagonals, serial_shops, shop
Elf:3:    grunt_elf_hall_diamonds, layout_gridlike, serial_shops,
          nicolae_shop_competitors_out_of_business, grunt_megastairs_3
Vaults:1: vaults_dpeg_cross, v_misc_2, ontoclasm_vaults_twist, v_misc_16,
          v_misc_14, vaults_mumra_chevron_long, nicolae_vaults_triangles,
          ontoclasm_vaults_hangar, ontoclasm_vaults_claustrophobia,
          grunt_vaults_trifunnel, ontoclasm_vaults_spin, serial_ice_g,
          v_alt_pattern_1, gammafunk_sealed_arena, v_misc_4,
          vaults_room_corners, layout_vaults_omnibox, uniq_asterion, uniq_donald
Vaults:2: ontoclasm_vaults_ligature, hangedman_vaults_restitches, v_misc_29,
          vaults_room_grid, vaults_room_door_ring, vaults_dpeg_encased_lava,
          v_misc_33, vaults_standard_mumra_lines, grunt_vaults_diagonal,
          nicolae_vaults_hallways_thing, hangedman_vaults_cutoff,
          nicolae_vaults_windows_and_doors_thing, ontoclasm_vaults_hangar,
          vaults_room_hangedman_quadrants, layout_vaults_omnicross
Vaults:3: nicolae_vaults_three_branches, vaults_mumra_hexcomb, v_alt_pattern_2,
          v_misc_27, minmay_crypt_entry_necro_gods, nicolae_vaults_c_with_doors,
          ontoclasm_vaults_fault, v_misc_3, vaults_dpeg_ring,
          layout_vaults_quadrants, serial_shops, shop_statue
Vaults:4: nicolae_vaults_network_barrier, v_misc_33,
          nicolae_vaults_puzzle_piece, grunt_tower_of_power, v_misc_27,
          grunt_vaults_twisty, hangedman_vaults_locks, vaults_room_semicircle,
          nicolae_vaults_little_squares_2, nicolae_vaults_rhombus_7,
          nicolae_vaults_rhombus_5, nicolae_vaults_little_squares_4, v_misc_17,
          layout_vaults_maze_snakey, infiniplex_enter_wizlab_water, uniq_margery
Vaults:5
Depths:1: kennysheep_treasure_stockpile, layout_cave_pools, enter_ziggurat_e,
          abyss_entry, gammafunk_ghost_split, kennysheep_another_room,
          grunt_mini_vestibule, minmay_misc_feat_rugged
Abyss:1:  base: Temple, base: Temple, base: Crypt:2, base: D:15, base: Swamp:4,
          base:
Crypt:2

Skill      XL: |  1  2  3  4  5  6  7  8  9 10 11 12 13 14 15 16 17 18 19 20 21 22 23 24 |
---------------+-------------------------------------------------------------------------+-----
Short Blades   | 1 2 3 4 5 6 7 8 9 10 11 12 13 14 15 | 15.7
Long Blades    | 1 2 3 4 5 6 7 8 9 10 11 12 13 14 15 | 15.7
Maces & Flails | 1 2 3 4 5 6 7 8 9 10 11 12 13 14 15 | 15.7
Polearms       | 1 2 3 4 5 6 7 8 9 10 11 12 13 14 15 | 15.7
Staves         | 1 2 3 4 5 6 7 8 9 10 11 12 13 14 15 | 15.7
Slings         | 1 2 3 4 5 6 7 8 9 10 11 12 13 14 15 | 15.7
Bows           | 1 2 3 4 5 6 7 8 9 10 11 12 13 14 15 | 15.7
Crossbows      | 1 2 3 4 5 6 7 8 9 10 11 12 13 14 15 | 15.7
Throwing       | 1 2 3 4 5 6 7 8 9 10 11 12 13 14 15 | 15.7
Stealth        | 1 2 3 4 5 6 7 8 9 10 11 12 13 14 15 | 15.7
Shields        | 1 2 3 4 5 6 7 8 9 10 11 12 13 14 15 16 17 | 17.3
Unarmed Combat | 1 2 3 4 5 6 7 8 9 10 11 12 13 14 15 | 15.7
Spellcasting   | 1 2 3 4 5 6 7 8 9 10 11 12 13 14 15 | 15.7
Evocations     | 1 2 3 4 5 6 7 8 9 10 11 12 13 14 15 | 15.7
Axes           | 5 6 7 8 9 10 11 12 13 14 15 16 | 16.2
Armour         | 5 6 7 8 9 10 11 12 13 14 15 16 | 16.2
Dodging        | 3 4 5 6 7 8 9 10 11 12 13 14 15 | 15.8
Conjurations   | 1 2 3 4 5 6 7 8 9 10 11 12 13 | 13.5
Hexes          | 1 2 3 4 5 6 7 8 9 10 11 12 13 | 13.5
Summonings     | 1 2 3 4 5 6 7 8 9 10 11 12 13 | 13.5
Necromancy     | 1 2 3 4 5 6 7 8 9 10 11 12 13 | 13.5
Translocations | 1 2 3 4 5 6 7 8 9 10 11 12 13 | 13.5
Transmutations | 1 2 3 4 5 6 7 8 9 10 11 12 13 | 13.5
Fire Magic     | 1 2 3 4 5 6 7 8 9 10 11 12 13 | 13.5
Ice Magic      | 1 2 3 4 5 6 7 8 9 10 11 12 13 | 13.5
Air Magic      | 1 2 3 4 5 6 7 8 9 10 11 12 13 | 13.5
Earth Magic    | 1 2 3 4 5 6 7 8 9 10 11 12 13 | 13.5
Poison Magic   | 1 2 3 4 5 6 7 8 9 10 11 12 13 | 13.5
Invocations    | 5 6 7 8 9 10 11 12 13 14 15 16 17 | 17.3
Fighting       | 7 8 9 10 11 12 13 14 15 16 | 16.6

Action                   |  1- 3 |  4- 6 |  7- 9 | 10-12 | 13-15 | 16-18 | 19-21 | 22-24 || total
-------------------------+-------+-------+-------+-------+-------+-------+-------+-------++-------
Melee: Hand axe          |       |   119 |   442 |   715 |  1489 |  1392 |   638 |       ||  4795
       Bite              |       |    12 |    67 |   130 |   197 |   211 |   369 |   305 ||  1291
       Flail             |       |       |       |   318 |       |       |       |       ||   318
       Kick              |       |       |       |       |   502 |   142 |       |       ||   644
       Scimitar          |       |       |       |       |       |    84 |       |    45 ||   129
       Broad axe         |       |       |       |       |       |       |   916 |  1291 ||  2207
Throw: Dart              |       |       |    10 |    49 |    38 |       |     5 |       ||   102
Invok: Depart the Abyss  |       |     1 |       |       |       |     1 |     1 |     3 ||     6
       Bend Space        |       |       |       |     2 |       |     1 |     2 |     2 ||     7
       Banish            |       |       |       |     9 |    14 |       |       |    13 ||    36
       Enter the Abyss   |       |       |       |       |       |       |       |     4 ||     4
       Corrupt           |       |       |       |       |       |       |       |     1 ||     1
Evoke: Wand              |     1 |     4 |     1 |       |       |       |       |       ||     6
  Use: Scroll            |       |     7 |     9 |    16 |    14 |     9 |    15 |    28 ||    98
       Potion            |       |       |       |     8 |     5 |     7 |     1 |    10 ||    31
 Stab: Sleeping          |       |     3 |     1 |     4 |     1 |       |       |       ||     9
       Petrified         |       |       |       |       |     5 |       |       |       ||     5
       Distracted        |       |       |       |       |       |     1 |     2 |     5 ||     8
Armor: Leather armour    |       |    20 |       |       |       |       |       |       ||    20
       Chain mail        |       |     3 |    21 |       |       |       |       |       ||    24
       Scale mail        |       |       |   103 |   209 |    20 |       |       |       ||   332
       Plate armour      |       |       |       |   144 |    53 |       |    21 |       ||   218
       Crystal plate arm |       |       |       |       |   930 |  1051 |   899 |  1213 ||  4093
Dodge: Dodged            |     1 |    72 |   204 |   629 |   630 |   685 |   956 |  1434 ||  4611
Block: Kite shield       |       |    31 |   200 |   577 |   986 |  1124 |  1217 |  1798 ||  5933
       Reflection        |       |       |       |       |       |       |    63 |   122 ||   185
       Rpst.: Scimitar   |       |       |       |       |       |    15 |       |     2 ||    17
       Broad axe         |       |       |       |       |       |       |       |     3 ||     3

Table legend: (Time is in decaauts)
 A = Elapsed time spent in this place.
 B = Non-inter-level travel time spent in this place.
 C = Inter-level travel time spent in this place.
 D = Time resting spent in this place.
 E = Time spent auto-exploring this place.
 F = Levels seen in this place.
 G = Mean time per level.
                   A        B        C        D        E       F      G
               +--------+--------+--------+--------+--------+-----+--------+
         Total |  67863 |  65109 |   2754 |  20370 |  29064 |  53 | 1280.4 |
       Dungeon |  21450 |  20172 |   1278 |   4295 |  11456 |  15 | 1430.0 |
          Lair |  12534 |  12045 |    489 |   3520 |   6146 |   6 | 2089.0 |
         Swamp |   5497 |   5332 |    165 |   1565 |   2410 |   4 | 1374.2 |
   Spider Nest |   3993 |   3826 |    167 |    805 |   1930 |   4 |  998.2 |
  Orcish Mines |   3611 |   3561 |     50 |   1516 |   1131 |   2 | 1805.5 |
   Elven Halls |   2033 |   1949 |     84 |    307 |    969 |   3 |  677.7 |
        Vaults |  15568 |  15049 |    519 |   6731 |   4714 |   5 | 3113.6 |
        Depths |     15 |     15 |      0 |      0 |      0 |   1 |   15.0 |
         Abyss |   1478 |   1478 |      0 |    861 |    100 |  11 |  134.4 |
       Ossuary |    282 |    282 |      0 |      0 |     43 |   1 |  282.0 |
        Wizlab |   1396 |   1396 |      0 |    766 |    162 |   1 | 1396.0 |
               +--------+--------+--------+--------+--------+-----+--------+

Top non-repeatable levels by time:
Vaults:4: 7069 daAuts
  Lair:3: 3018 daAuts
     D:8: 2744 daAuts
   Orc:2: 2733 daAuts
Vaults:3: 2464 daAuts
Vaults:1: 2269 daAuts
Vaults:2: 2185 daAuts
  Lair:4: 2029 daAuts
  Lair:6: 1965 daAuts
  Lair:5: 1932 daAuts
  Lair:1: 1854 daAuts
     D:7: 1799 daAuts
    D:14: 1736 daAuts
  Lair:2: 1734 daAuts
 Swamp:4: 1726 daAuts
